 Dungeon Crawl Stone Soup version 0.29-a0-757-g358383bc75 (webtiles) character file.

Game seed: 16268478404880915737

206 happo123 the Grave Robber (level 5, -11/41 HPs)
             Began as a Ghoul Necromancer on June 30, 2022.
             Mangled by an ogre
             ... wielding a +0 giant spiked club
              (18 damage)
             ... on level 4 of the Dungeon on July 1, 2022.
             The game lasted 00:27:51 (3150 turns).

happo123 the Grave Robber (Ghoul Necromancer)       Turns: 3150, Time: 00:27:52

Health: -11/41     AC:  2    Str: 12    XL:     5   Next: 84%
Magic:  2/7        EV: 12    Int: 12    God:
Gold:   223        SH:  0    Dex:  9    Spells: 0/8 levels left

rFire   . . .      SeeInvis .     - Unarmed
rCold   + . .      Faith    .   (no shield)
rNeg    + + +      Spirit   .   a - +0 robe
rPois   ∞          Reflect  .   (no helmet)
rElec   .          Harm     .   (no cloak)
rCorr   .          Rampage  .   (no gloves)
Will    .....                   (no boots)
Stlth   ++........              (no amulet)
HPRegen 0.00/turn               d - ring of wizardry
MPRegen 0.10/turn               (no ring)

@: very slightly contaminated, inhibited regen
A: claws 1, cold resistance 1, negative energy resistance 3, inhibited
regeneration, torment resistance 2, devour on kill
a: no special abilities


You were on level 4 of the Dungeon.
You visited 1 branch of the dungeon, and saw 4 of its levels.

You collected 247 gold pieces.
You spent 24 gold pieces at shops.

Inventory:

Missiles
 i - 5 curare-tipped darts
Armour
 a - a +0 robe (worn)
Jewellery
 d - a ring of wizardry (left claw)
Wands
 e - a wand of light (7)
Scrolls
 f - 2 scrolls of magic mapping {unknown}
 g - 2 scrolls of amnesia {unknown}
 j - 7 scrolls of identify {unknown}
 k - a scroll of poison {unknown}
 m - a scroll of torment {unknown}
 o - 2 scrolls of brand weapon {unknown}
 r - 2 scrolls of teleportation {unknown}
Potions
 b - a potion of magic
 c - a potion of lignification {unknown}
 h - a potion of brilliance {unknown}
 l - a potion of flight {unknown}
 n - a potion of might {unknown}
 p - a potion of resistance {unknown}
 q - a potion of curing {unknown}


   Skills:
 + Level 1.7 Fighting
 + Level 2.3 Dodging
 + Level 3.1 Stealth
 * Level 2.6 Unarmed Combat
 + Level 2.3 Spellcasting
 * Level 4.9 Necromancy


You couldn't memorise any spells.
You knew the following spells:

 Your Spells              Type           Power      Damage    Failure   Level
a - Necrotize             Necr           52%        1d6       1%          1
b - Vampiric Draining     Necr           13%        2d6       4%          3
c - Animate Dead          Necr           13%        N/A       14%         4

Your spell library contained the following spells:

 Spells                   Type           Power      Damage    Failure   Level
 Sting                    Tmut/Pois      4%         1d3       11%         1
 Static Discharge         Conj/Air       1%         N/A       16%         2
 Portal Projectile        Hex/Tloc       2%         N/A       30%         3
 Summon Guardian Golem    Hex/Summ       1%         N/A       30%         3
 Tukima's Dance           Hex            1%         N/A       30%         3
 Agony                    Necr           13%        N/A       34%         5
 Borgnjor's Vile Clutch   Necr/Erth      3%         N/A       67%         5
 Alistair's Intoxication  Tmut/Pois      0%         N/A       94%         5
 Lightning Bolt           Conj/Air       0%         1d11      94%         5
 Eringya's Noxious Bog    Tmut/Pois      0%         N/A       100%        6
 Orb of Destruction       Conj           0%         9d5       100%        7
 Spellforged Servitor     Conj/Summ      0%         N/A       100%        7
 Maxwell's Capacitive Co  Air            0%         ∞         100%        8
 Beastly Appendage        Tmut           Unusable   N/A       N/A         1
 Ice Form                 Ice/Tmut       Unusable   N/A       N/A         4
 Blade Hands              Tmut           Unusable   N/A       N/A         5
 Necromutation            Tmut/Necr      Unusable   N/A       N/A         8

Dungeon Overview and Level Annotations

Branches:
Dungeon (4/15)
 Temple: D:4-7

Altars:

Shops:
D:3 *


Innate Abilities, Weirdness & Mutations

You are immune to poison.
You have sharp fingernails.
Your flesh is cold resistant. (rC+)
You are immune to negative energy. (rN+++)
You do not regenerate when monsters are visible.
You are immune to unholy pain and torment.
You thrive by killing the living.


Message History

Press: ? - help, Q - select action, (/) - cycle Shift-Dir - straight line, f - ogre
Aim: an ogre, wielding a +0 giant spiked club (chance to affect: 69%)
The ogre struggles to resist.
Aiming: Necrotize (safe; 1% risk of failure)
Press: ? - help, Q - select action, (/) - cycle Shift-Dir - straight line, f/p - ogre
Aim: an ogre, wielding a +0 giant spiked club (chance to affect: 69%)
The ogre struggles to resist.
Casting: Necrotize (safe; 1% risk of failure)
Confirm with . or Enter, or press ? or * to list all spells.
The spell is quite dangerous to miscast (14% risk of failure)!
Continue anyway?
You miscast Animate Dead.
You are very lightly contaminated with residual magic.
Nothing appears to happen.
You scratch the ogre.
The ogre is lightly wounded.
The ogre hits you with a +0 giant spiked club!!
Casting: Animate Dead (quite dangerous; 14% risk of failure)
Confirm with . or Enter, or press ? or * to list all spells.
You don't have enough magic to cast this spell.
You scratch the ogre.
The ogre is moderately wounded.
The ogre barely misses you.
You scratch the ogre but do no damage.
The ogre is moderately wounded.
You scratch the ogre.
The ogre is moderately wounded.
The ogre hits you with a +0 giant spiked club!
* * * LOW HITPOINT WARNING * * *
You claw the ogre!
The ogre is severely wounded.
The ogre misses you.
You scratch the ogre.
The ogre is severely wounded.
You scratch the ogre but do no damage. Your claw misses the ogre.
The ogre is severely wounded.
The ogre completely misses you.
You scratch the ogre.
The ogre is severely wounded.
The ogre hits you with a +0 giant spiked club!!
You die...

#.# ##.## ###
#... !. #..# #.#
#.# #..# #.# .###
.. #..# #.#
.....#. #))# #.#
.###$.$###..# #.#
........O@..# #.#
## #####?####.##
#.#######.# #
#.#####.....)..#.
#.....>......##.#
#........###.##..
#.######.###.##..
#.# #.........
#.# #####.##..
#.# #.....


You could see an ogre.

Vanquished Creatures
  A necrophage (D:3)
  6 adders
  2 worms
  3 dart slugs
  5 orcs (D:3)
  An endoplasm (D:2)
  A giant cockroach (D:2)
  5 goblins
  6 hobgoblins
  3 jackals (D:1)
  3 quokkas
  8 ball pythons
  5 bats
  6 frilled lizards
  10 kobolds
  8 rats
73 creatures vanquished.

Vanquished Creatures (collateral kills)
  A goblin (D:1)
  A hobgoblin (D:2)
  A kobold (D:3)
  2 rats
5 creatures vanquished.

Vanquished Creatures (others)
  An orc zombie (D:3)
  A plant (D:1)
2 creatures vanquished.

Grand Total: 80 creatures vanquished

Notes
Turn   | Place    | Note
-------+----------+-------------------------------------------
     0 | D:1      | happo123 the Ghoul Necromancer began the quest for the Orb.
     0 | D:1      | Reached XP level 1. HP: 14/14 MP: 2/2
   225 | D:1      | Reached XP level 2. HP: 15/20 MP: 0/3
   458 | D:1      | Reached skill level 1 in Unarmed Combat
   580 | D:1      | You fall into a shaft and drop 1 floor!
   679 | D:2      | Reached XP level 3. HP: 27/27 MP: 2/5
   688 | D:2      | Learned a level 3 spell: Vampiric Draining
   864 | D:1      | Reached skill level 1 in Fighting
  1244 | D:2      | Reached XP level 4. HP: 33/35 MP: 3/6
  1670 | D:2      | Got Sif Muna's Papyrus of Unstable Contamination
  1872 | D:3      | Found Xuxian's Assorted Antiques.
  1885 | D:3      | Bought a scroll labelled FUS URUWNUCI for 24 gold pieces
  2355 | D:3      | Reached XP level 5. HP: 31/40 MP: 1/7
  2361 | D:3      | Learned a level 4 spell: Animate Dead
  3137 | D:4      | Noticed an ogre
  3150 | D:4      | Mangled by an ogre

Illustrated notes

Levels and vault maps discovered:
D:1:      denvon_arrival_planthouse, layout_basic, serial_glass,
          glass_columns_a, glass_columns_a
D:2:      layout_loops_ring
D:3:      layout_basic, serial_shops, nicolae_square_shop, minmay_quadrilaterals
D:4:      layout_loops_ring, temple_doors_e, minivault_19

Skill      XL: |  1  2  3  4  5 |
---------------+----------------+-----
Unarmed Combat | 1 2 |  2.6
Spellcasting   | 2 |  2.3
Dodging        | 2 |  2.3
Fighting       | 1 |  1.7
Stealth        | 3 |  3.1
Necromancy     | |  4.9

Action                   |  1- 3 |  4- 6 || total
-------------------------+-------+-------++-------
Melee: Unarmed           |    78 |   149 ||   227
       Punch             |     1 |     2 ||     3
 Cast: Necrotize         |    28 |    40 ||    68
       Vampiric Draining |     2 |     7 ||     9
       Animate Dead      |       |     1 ||     1
 Stab: Sleeping          |     1 |     5 ||     6
Armor: Robe              |    22 |    13 ||    35
Dodge: Dodged            |    65 |    96 ||   161

Table legend: (Time is in decaauts)
 A = Elapsed time spent in this place.
 B = Non-inter-level travel time spent in this place.
 C = Inter-level travel time spent in this place.
 D = Time resting spent in this place.
 E = Time spent auto-exploring this place.
 F = Levels seen in this place.
 G = Mean time per level.
                   A        B        C        D        E       F      G
               +--------+--------+--------+--------+--------+-----+--------+
         Total |   3143 |   1895 |   1248 |    442 |    630 |   4 |  785.8 |
       Dungeon |   3143 |   1895 |   1248 |    442 |    630 |   4 |  785.8 |
               +--------+--------+--------+--------+--------+-----+--------+

Top non-repeatable levels by time:
     D:3: 1197 daAuts
     D:1: 952 daAuts
     D:2: 885 daAuts
     D:4: 107 daAuts
